 Dungeon Crawl Stone Soup version 0.30-a0-358-g0d69a1922f (webtiles) character file.

Game seed: 16097584393345905929

12 brightshaft the Chopper (level 2, -4/26 HPs)
             Began as a Hill Orc Fighter on Nov 11, 2022.
             Slain by Sigmund
             ... wielding a +3 scythe of protection
              (7 damage)
             ... on level 2 of the Dungeon on Nov 17, 2022.
             The game lasted 00:01:35 (657 turns).

brightshaft the Chopper (Hill Orc Fighter)           Turns: 657, Time: 00:01:36

Health: -4/26      AC:  6    Str: 18    XL:     2   Next: 33%
Magic:  2/2        EV:  9    Int:  8    God:
Gold:   41         SH:  4    Dex: 10    Spells: 1/1 levels left

rFire   . . .      SeeInvis .    b - +0 hand axe (venom)
rCold   . . .      Faith    .    c - +0 buckler
rNeg    . . .      Spirit   .    n - +0 scale mail
rPois   .          Reflect  .    (no helmet)
rElec   .          Harm     .    (no cloak)
rCorr   .          Rampage  .    (no gloves)
Will    .....                    (no boots)
Stlth   ..........               (no amulet)
HPRegen 0.24/turn                (no ring)
MPRegen 0.08/turn                (no ring)

@: no status effects
A: no striking features
a: no special abilities


You were on level 2 of the Dungeon.
You visited 1 branch of the dungeon, and saw 2 of its levels.

You collected 41 gold pieces.

Inventory:

Hand Weapons
 a - a +0 war axe
 b - a +0 hand axe of venom (weapon)
Armour
 c - a +0 buckler (worn)
 n - a +0 scale mail (worn)
Scrolls
 e - a scroll of amnesia {unknown}
 g - 3 scrolls of identify {unknown}
 h - a scroll of fear {unknown}
 i - a scroll of enchant weapon {unknown}
 l - a scroll of poison {unknown}
Potions
 d - a potion of might
 j - a potion of mutation {unknown}
 k - a potion of brilliance {unknown}
 m - 2 potions of curing {unknown}


   Skills:
 - Level 3.6 Fighting
 * Level 4.0 Axes
 - Level 3.2 Armour
 - Level 3.2 Shields


You had one spell level left.
You didn't know any spells.
Your spell library was empty.

Dungeon Overview and Level Annotations

Branches:
Dungeon (2/15)

Altars:

Annotations:
D:2 Sigmund


Message History

The magic dart hits you. Sigmund gestures at you while chanting.
The puff of flame hits you!
Throw: throwing net
Press: ? - help, Q - select action Shift-Dir - straight line, f - Sigmund
Aim: Sigmund, wielding a +3 scythe of protection and wearing a +0 robe (52% to hit)
You throw a throwing net. The throwing net hits Sigmund.
Sigmund is caught in the net!
Sigmund struggles against the net.
Sigmund gestures at you while chanting. You resist with significant effort.
Sigmund struggles against the net.
Sigmund gestures at you while chanting.
You are confused.
Sigmund struggles against the net.
You're too confused to move!
Sigmund gestures wildly while chanting.
Sigmund flickers and vanishes!
Deactivating autopickup; reactivate with Ctrl-A.
Something wriggles in the net.
You bump into the rock wall.
You bump into the rock wall.
Something wriggles in the net.
All of a sudden the net rips apart!
You hear some strange, mumbled words.
A magic dart appears from out of thin air!
The magic dart hits you.
You completely miss something.
You feel less confused. Something hits you but does no damage.
You miss something. You barely miss something. Something hits you.
You barely miss something. Something hits you but does no damage.
A hobgoblin comes into view.
You completely miss something.
The hobgoblin shouts!
Something hits you!
* * * LOW HITPOINT WARNING * * *
You miss something. You hit something. Something hits you but does no damage.
You miss something. Something hits you!
You die...

#.#
#.#
#.#
#.#
#g#
#.#
#{#
#@#
#.#
#.#
#.#
#.#
#.#
#<#
###


You could see a hobgoblin.

Vanquished Creatures
  4 bats (D:1)
  An endoplasm (D:1)
  2 giant cockroaches (D:1)
  A kobold (D:1)
  A ball python (D:1)
  A frilled lizard (D:1)
  2 rats (D:1)
12 creatures vanquished.

Notes
Turn   | Place    | Note
-------+----------+-------------------------------------------
     0 | D:1      | brightshaft the Hill Orc Fighter began the quest for the
                  | Orb.
     0 | D:1      | Reached XP level 1. HP: 19/19 MP: 1/1
   115 | D:1      | Reached skill level 3 in Axes
   186 | D:1      | Reached XP level 2. HP: 24/26 MP: 2/2
   569 | D:1      | Reached skill level 4 in Axes
   638 | D:2      | Noticed Sigmund
   657 | D:2      | Slain by Sigmund

Illustrated notes

Levels and vault maps discovered:
D:1:      lemuel_arrival_behind_the_door_small, layout_loops_cross
D:2:      layout_basic, uniq_sigmund

Skill      XL: |  1  2 |
---------------+-------+-----
Axes           | 3 4 |  4.0
Fighting       | |  3.6
Armour         | |  3.2
Shields        | |  3.2

Action                   || total
-------------------------++-------
Melee: War axe           ||    23
       Hand axe          ||    10
Throw: Throwing net      ||     1
Armor: Scale mail        ||    25
Dodge: Dodged            ||    17
Block: Buckler           ||     6

Table legend: (Time is in decaauts)
 A = Elapsed time spent in this place.
 B = Non-inter-level travel time spent in this place.
 C = Inter-level travel time spent in this place.
 D = Time resting spent in this place.
 E = Time spent auto-exploring this place.
 F = Levels seen in this place.
 G = Mean time per level.
                   A        B        C        D        E       F      G
               +--------+--------+--------+--------+--------+-----+--------+
         Total |    666 |    625 |     41 |      0 |    498 |   2 |  333.0 |
       Dungeon |    666 |    625 |     41 |      0 |    498 |   2 |  333.0 |
               +--------+--------+--------+--------+--------+-----+--------+

Top non-repeatable levels by time:
     D:1: 645 daAuts
     D:2: 20 daAuts
